 Dungeon Crawl Stone Soup version 0.31-a0-1278-g11c5b68f87 (webtiles) character file.

Game seed: 17483976694683265173

3248 bmb222 the Covert (level 9, -2/47 (48) HPs)
             Began as a Vine Stalker Enchanter on Dec 18, 2023.
             Was a Follower of Uskayaw.
             Slain by a killer bee (8 damage)
             ... on level 8 of the Dungeon.
             The game lasted 00:09:11 (5954 turns).

bmb222 the Covert (Vine Stalker Enchanter)          Turns: 5954, Time: 00:09:11

HP:   -2/47 (48)    AC:  2    Str: 11    XL:     9   Next: 99%
MP:   0/16          EV: 13    Int: 18    God:    Uskayaw [*.....]
Gold: 489           SH:  0    Dex: 19    Spells: 16/16 levels left

rFire   . . .        g - +10 short sword of Tender Mercy {elec, rPois rC+ Int+3}
rCold   + . .        (no shield)
rNeg    . . .        H - +0 robe {Will+}
rPois   +            (no helmet)
rElec   .            (no cloak)
rCorr   .            (no gloves)
SInv    .            (no boots)
Will    ++...        (no amulet)
Stlth   +++++        j - +4 ring of slaying
HPRegen 1.07/turn    y - +4 ring of slaying
MPRegen 0.15/turn

%: guardian spirit
@: about to teleport, lightly drained, invisible
A: fangs 3, regeneration 1, magic shield, antimagic bite, no potion heal 2
a: Renounce Religion, Stomp


You were on level 8 of the Dungeon.
You worshipped Uskayaw.
Uskayaw was noncommittal.
You visited 2 branches of the dungeon, and saw 9 of its levels.
You also visited: Ossuary.

You collected 489 gold pieces.

Inventory:

Hand Weapons
 a - a +1 dagger
 g - the +10 short sword of Tender Mercy (weapon) {elec, rPois rC+ Int+3}
   (You found it on level 2 of the Dungeon)

   Int+3:     It affects your intelligence (+3).
   rC+:       It protects you from cold.
   rPois:     It protects you from poison
Missiles
 w - 13 poisoned darts (quivered)
Armour
 b - a +0 robe
 H - a +0 robe of willpower (worn)
Jewellery
 i - a +6 ring of strength
 j - a +4 ring of slaying (left hand)
 u - a ring of protection from cold
 y - a +4 ring of slaying (right hand)
Talismans
 x - a blade talisman
Wands
 k - a wand of flame (23)
 l - a wand of digging (4)
 G - a wand of charming (10)
Scrolls
 d - 5 scrolls of teleportation
 e - 3 scrolls of identify
 n - 2 scrolls of poison
 o - 3 scrolls of fog
 q - 2 scrolls of blinking
 s - 2 scrolls of amnesia
 E - a scroll of immolation {unknown}
 I - a scroll of acquirement {unknown}
Potions
 c - a potion of invisibility
 f - a potion of ambrosia {unknown}
 h - 5 potions of heal wounds {unknown}
 m - 6 potions of mutation {unknown}
 p - a potion of brilliance {unknown}
 r - a potion of degeneration {unknown}
 t - a potion of enlightenment {unknown}
 v - 4 potions of curing {unknown}
 z - 2 potions of lignification {unknown}
 A - a potion of cancellation {unknown}
 B - 3 potions of resistance {unknown}
 C - a potion of might {unknown}
 D - 2 potions of attraction {unknown}
 F - a potion of haste {unknown}


   Skills:
 * Level 5.9 Fighting
 + Level 6.5 Short Blades
 + Level 1.1 Throwing
 + Level 3.2 Dodging
 - Level 10.0 Stealth
 * Level 4.0 Spellcasting
 * Level 4.8 Hexes


You had 16 spell levels left.
You didn't know any spells.
Your spell library contained the following spells:

 Spells                   Type           Power      Damage    Failure   Level
 Confusing Touch          Hex            20%        N/A       6%          3
 Tukima's Dance           Hex            20%        N/A       6%          3
 Ensorcelled Hibernation  Hex/Ice        24%        N/A       9%          2
 Dazzling Flash           Conj/Hex       24%        N/A       16%         3
 Lesser Beckoning         Tloc           6%         N/A       22%         2
 Gell's Gravitas          Tloc           3%         N/A       41%         3
 Teleport Other           Tloc           3%         N/A       41%         3
 Animate Armour           Summ/Erth      6%         N/A       82%         4
 Summon Lightning Spire   Summ/Air       3%         N/A       82%         4
 Lee's Rapid Deconstruct  Erth           1%         3d4*      99%         5


Dungeon Overview and Level Annotations

Branches:
Dungeon (8/15)             Temple (1/1) D:5         Ossuary (visited)
   Lair: D:8-11

Altars:
Ashenzari
Cheibriados
Dithmenos
Elyvilon
Fedhas
Gozag
Hepliaklqana
Kikubaaqudgha
Makhleb
Nemelex Xobeh
Okawaru
Qazlal
Ru
Sif Muna
Uskayaw
Wu Jian
Xom
Yredelemnul
Zin
The Shining One

Annotations:
D:5 1 runed translucent door


Innate Abilities, Weirdness & Mutations

You have razor-sharp teeth.
Your natural rate of healing is unusually fast.
When hurt, damage is shared between your health and your magic reserves.
Your bite disrupts and absorbs the magic of your enemies.
Potions cannot restore your health.


Message History

You're wearing all the rings you can.
Remove which one? (? for menu, Esc to cancel) < or
j - a +4 ring of slaying; > or
i - a +6 ring of strength You remove your +6 ring of strength.
You feel weaker.
y - a +4 ring of slaying (right hand)
A scorpion comes into view.
Found an amethyst potion and a shiny buckler.
A killer bee comes into view. 2 killer bees come into view.
The black bear growls angrily.
The komodo dragon hisses angrily.
The killer bee buzzes angrily. x2; You hear an angry buzzing noise. x2
You hear a loud, deep croak!
A bullfrog comes into view.
A killer bee comes into view.
The komodo dragon bites you!!
A killer bee comes into view.
The killer bee stings the fungus.
The fungus begins to die.
The killer bee stings the plant.
The plant begins to die.
A killer bee comes into view.
The bullfrog hits the fungus!
The komodo dragon attacks as it pursues you!
The komodo dragon bites you!!
Ouch! That really hurt!
* * * LOW HITPOINT WARNING * * *
The bullfrog hits the plant.
The plant begins to die.
The black bear attacks as it pursues you!
The black bear closely misses you. The black bear barely misses you.
The black bear claws you.
* * * LOW HITPOINT WARNING * * *
The killer bee buzzes angrily. x2
Blink to where?
Press: ? - help, Dir - move target A killer bee comes into view.
Found a glowing yellow potion.
As you read the scroll of blinking, it crumbles to dust.
As you read the scroll of teleportation, it crumbles to dust.
You feel strangely unstable.
You fade into invisibility!
The killer bee barely misses you. x2; The killer bee stings you!
You die...

..###
..[..###########..!
........yyy@...y...
....y.#.##y#####.##
..#...P.h#l####
...yP.P.P.P...#
..!.P.yP....#.#
..PPP......P....
.P.FPPP..P....###
P.P.####PPP...# .P.
#..P.....


You could see a komodo dragon (unable to see you) and 6 killer bees.

Vanquished Creatures
  A two-headed ogre (D:7)
  A troll (D:5)
  Menkaure (D:4)
  4 ice beasts
  A sky beast (D:7)
  2 ogres
  2 kobold brigands
  An elf zombie (Ossuary)
  2 bullfrogs
  4 killer bees
  A troll zombie (Ossuary)
  3 howler monkeys (D:7)
  2 centaur zombies (Ossuary)
  A human zombie (Ossuary)
  5 hounds
  3 jellies
  An orc priest (D:5)
  2 sleepcaps
  5 orc wizards
  2 ogre zombies (Ossuary)
  8 mummies
  8 gnolls
  5 adders
  3 shadow imps
  3 white imps
  11 ufetubi
  4 adder zombies (Ossuary)
  3 worms (D:2)
  A dart slug (D:1)
  17 orcs
  9 endoplasms
  4 giant cockroaches
  12 goblins
  7 hobgoblins
  3 jackals (D:1)
  6 kobolds
  5 quokkas
  9 ball pythons
  3 bats
  A goblin skeleton (D:5)
  2 goblin zombies (Ossuary)
  7 hobgoblin zombies
  A jackal zombie (D:5)
  3 kobold zombies (Ossuary)
  An orc zombie (D:6)
  4 quokka zombies (Ossuary)
  2 rats (D:2)
  4 rat zombies (Ossuary)
  A butterfly (D:5)
191 creatures vanquished.

Notes
Turn   | Place    | Note
-------+----------+-------------------------------------------
     0 | D:1      | bmb222 the Vine Stalker Enchanter began the quest for the
                  | Orb.
     0 | D:1      | Reached XP level 1. HP: 9/9 MP: 4/4
    55 | D:1      | Reached XP level 2. HP: 10/13 MP: 3/6
   198 | D:1      | Reached skill level 4 in Stealth
   417 | D:1      | Reached XP level 3. HP: 17/17 MP: 7/7
   455 | D:1      | Found a faded altar of an unknown god.
   504 | D:1      | Reached skill level 1 in Short Blades
   712 | D:2      | Identified the +10 short sword of Tender Mercy {elec, rPois
                  | rC+ Int+3}
  1163 | D:2      | Reached XP level 4. HP: 21/21 MP: 8/8
  1244 | D:2      | Found a glowing silver altar of Zin.
  1926 | D:3      | Reached skill level 1 in Fighting
  1941 | D:3      | Found a glowing golden altar of the Shining One.
  2190 | D:3      | Reached XP level 5. HP: 18/25 MP: 5/9
  2252 | D:4      | Found a white marble altar of Elyvilon.
  2252 | D:4      | Noticed an ogre
  2254 | D:4      | Reached skill level 5 in Stealth
  2260 | D:4      | Killed an ogre
  2344 | D:4      | Reached XP level 6. HP: 14/30 MP: 5/10
  2546 | D:4      | Reached skill level 6 in Stealth
  2555 | D:4      | Noticed Menkaure
  2557 | D:4      | Killed Menkaure
  3040 | D:5      | Entered Level 5 of the Dungeon
  3064 | D:5      | Noticed a troll
  3071 | D:5      | Killed a troll
  3072 | D:5      | Reached skill level 7 in Stealth
  3072 | D:5      | Reached XP level 7. HP: 31/35 MP: 9/11
  3190 | D:5      | Found a runed translucent door.
  3190 | D:5      | Noticed a human
  3195 | D:5      | Found a basalt altar of Yredelemnul.
  3265 | D:5      | Found a staircase to the Ecumenical Temple.
  3282 | D:5      | Reached skill level 8 in Stealth
  3282 | D:5      | Gained mutation: You have razor-sharp teeth. [Vine Stalker
                  | growth]
  3282 | D:5      | Reached XP level 8. HP: 12/40 MP: 3/12
  3313 | Temple   | Entered the Ecumenical Temple
  3365 | Temple   | Became a worshipper of Uskayaw the Reveller
  3421 | D:5      | Found an ornate altar of the Wu Jian Council.
  3421 | D:5      | Found a shimmering altar of Xom.
  3436 | D:5      | Reached * piety under Uskayaw
  3444 | D:5      | Reached ** piety under Uskayaw
  3628 | D:5      | Reached *** piety under Uskayaw
  3631 | D:5      | Reached **** piety under Uskayaw
  3806 | D:5      | Found a shadowy altar of Dithmenos.
  3963 | D:6      | Found a sand-covered staircase.
  3966 | D:6      | Reached skill level 5 in Short Blades
  3968 | Ossuary  | Entered an ossuary
  4130 | Ossuary  | Reached skill level 9 in Stealth
  4319 | Ossuary  | Reached XP level 9. HP: 35/46 MP: 8/13
  4600 | D:6      | Reached skill level 10 in Stealth
  5240 | D:6      | Reached skill level 5 in Fighting
  5527 | D:7      | Noticed a two-headed ogre
  5537 | D:7      | Killed a two-headed ogre
  5546 | D:7      | Reached skill level 1 in Throwing
  5944 | D:8      | Noticed a komodo dragon
  5951 | D:8      | HP: 2/47 [black bear (1)]
  5954 | D:8      | Slain by a killer bee

Illustrated notes

Levels and vault maps discovered:
D:1:      nzn_arrival_settlement, layout_rooms,
          dreamdust_ecumenical_altar_hidden_monk_grotto
D:2:      layout_basic, serial_forest, infiniplex_forest_straight_3,
          infiniplex_forest_end_1, infiniplex_forest_straight_5,
          infiniplex_forest_clump_medium, infiniplex_forest_fountain,
          infiniplex_forest_straight_2, basic_altar, eino_tiny_chamber,
          grunt_ministairs_12, st_stairs_13, minmay_misc_feat_ornament
D:3:      layout_rooms, mainiacjoe_overflow_six_doors_small
D:4:      layout_loops_ring, mainiacjoe_overflow_catwalk, uniq_menkaure
D:5:      layout_loops_ring, nicolae_dithmenos_through_a_glass_darkly,
          dk_yredelemnul_ordeal, jmf_multi_god_temple,
          minmay_temple_entry_butterflies, serial_demonic, serial_demonic_c,
          serial_demonic_c, serial_demonic_e, serial_demonic_a,
          serial_demonic_b, serial_demonic_g
D:6:      layout_basic, nicolae_ossuary_entry_giza, hellmonk_no_cap
D:7:      layout_cave_pools
D:8:      layout_loops_cross, grunt_lair_entry_orc_guard_hut,
          uniq_prince_ribbit1
Temple:   eino_temple_water

Skill      XL: |  1  2  3  4  5  6  7  8  9 |
---------------+----------------------------+-----
Stealth        | 4 5 7 8 9 10 | 10.0
Short Blades   | 1 2 3 4 5 6 |  6.5
Fighting       | 1 2 3 4 5 |  5.9
Dodging        | 2 3 |  3.2
Spellcasting   | 4 |  4.0
Hexes          | 4 |  4.8
Throwing       | 1 |  1.1

Action                     |  1- 3 |  4- 6 |  7- 9 || total
---------------------------+-------+-------+-------++-------
  Melee: Dagger            |    67 |       |       ||    67
         Bite              |    24 |    12 |    41 ||    77
         Punch             |     1 |       |       ||     1
         Short sword       |    16 |    58 |   194 ||   268
  Throw: Dart              |       |       |    14 ||    14
    Use: Scroll            |       |       |     8 ||     8
         Potion            |       |       |     1 ||     1
   Stab: Sleeping          |     8 |    14 |    32 ||    54
         Distracted        |     1 |     1 |       ||     2
         Paralysed         |       |       |     7 ||     7
 Armour: Robe              |    44 |    27 |    77 ||   148
  Dodge: Dodged            |    35 |    21 |    82 ||   138

Table legend: (Time is in decaauts)
 A = Elapsed time spent in this place.
 B = Non-inter-level travel time spent in this place.
 C = Inter-level travel time spent in this place.
 D = Time resting spent in this place.
 E = Time spent auto-exploring this place.
 F = Levels seen in this place.
 G = Mean time per level.
                   A        B        C        D        E       F      G
               +--------+--------+--------+--------+--------+-----+--------+
         Total |   5892 |   5499 |    393 |    242 |   4198 |  10 |  589.2 |
       Dungeon |   5415 |   5053 |    362 |    242 |   3887 |   8 |  676.9 |
        Temple |     68 |     37 |     31 |      0 |     36 |   1 |   68.0 |
       Ossuary |    407 |    407 |      0 |      0 |    275 |   1 |  407.0 |
               +--------+--------+--------+--------+--------+-----+--------+

Top non-repeatable levels by time:
     D:2: 1131 daAuts
     D:6: 952 daAuts
     D:5: 856 daAuts
     D:4: 787 daAuts
     D:1: 609 daAuts
     D:7: 568 daAuts
     D:3: 502 daAuts
 Ossuary: 407 daAuts
  Temple: 68 daAuts
     D:8: 8 daAuts
